 Dungeon Crawl Stone Soup version 0.28.0-47-ge53b351184 (webtiles) character file.

Game seed: 12847068062983842798

896 pkoi the Insei (level 7, -2/57 HPs)
             Began as a Demigod Gladiator on Apr 28, 2022.
             Slain by Grinder (8 damage)
             ... on level 5 of the Dungeon.
             The game lasted 00:10:17 (7390 turns).

pkoi the Insei (Demigod Gladiator)                  Turns: 7390, Time: 00:10:18

Health: -2/57      AC: 11    Str: 19    XL:     7   Next: 49%
Magic:  9/9        EV:  8    Int: 10    God:
Gold:   317        SH:  0    Dex: 19    Spells: 6/6 levels left

rFire   + . .      SeeInvis .     - Unarmed
rCold   + . .      Faith    .   (no shield)
rNeg    . . .      Spirit   .   q - +0 chain mail
rPois   .          Reflect  .   m - +1 helmet
rElec   .          Harm     .   (no cloak)
rCorr   .          Rampage  .   (no gloves)
Will    .....                   (no boots)
Stlth   ..........              (no amulet)
HPRegen 0.19/turn               k - ring of protection from cold
MPRegen 0.11/turn               o - ring of protection from fire

@: no status effects
A: high MP 1, forlorn, divine attributes
a: no special abilities


You were on level 5 of the Dungeon.
You visited 1 branch of the dungeon, and saw 5 of its levels.
You also visited: Ossuary.

You collected 317 gold pieces.

Inventory:

Hand Weapons
 b - a +0 short sword
 h - a +0 club
 p - a +5 whip
Missiles
 a - 2 datura-tipped darts
 c - 4 throwing nets
 g - 16 poisoned darts (quivered)
Armour
 i - an orb of energy
 m - a +1 helmet (worn)
 q - a +0 chain mail (worn)
Jewellery
 k - a ring of protection from cold (left hand)
 o - a ring of protection from fire (right hand)
Scrolls
 d - 4 scrolls of teleportation
 f - a scroll of enchant weapon
 s - a scroll of blinking
 x - a scroll of identify
Potions
 e - a potion of brilliance
 j - 4 potions of curing {unknown}
 l - 3 potions of degeneration {unknown}
 n - a potion of cancellation
 r - 2 potions of might
 t - 2 potions of berserk rage
 u - a potion of attraction
 v - a potion of invisibility
 w - a potion of magic
 z - a potion of ambrosia {unknown}


   Skills:
 - Level 3.0 Fighting
 - Level 1.7 Throwing
 + Level 3.7 Armour
 - Level 2.6 Dodging
 * Level 7.2 Unarmed Combat


You had 6 spell levels left.
You didn't know any spells.
Your spell library contained the following spells:

 Spells                   Type           Power      Damage    Failure   Level
 Corpse Rot               Necr/Air       0%         N/A       100%        2
 Ensorcelled Hibernation  Hex/Ice        0%         N/A       100%        2
 Passwall                 Tmut/Erth      0%         N/A       100%        2
 Swiftness                Air            0%         N/A       100%        3
 Dispel Undead            Necr           0%         3d6       100%        4
 Death Channel            Necr           0%         N/A       100%        6


Dungeon Overview and Level Annotations

Branches:
Dungeon (5/15)            Ossuary (visited)
 Temple: D:4-7

Shops:
D:2 [

Annotations:
D:2 1 runed translucent door, Crazy Yiuf
D:5 Grinder


Innate Abilities, Weirdness & Mutations

You have an increased reservoir of magic. (+10% MP)
You shall have no god before yourself.
Your divine heritage dramatically boosts your attributes as you level up.


Message History

You hit Grinder.
Grinder is severely wounded.
Grinder gestures at you. Pain shoots through your body!
* * * LOW HITPOINT WARNING * * *
You closely miss Grinder.
Grinder is severely wounded.
Grinder hits you.
* * * LOW HITPOINT WARNING * * *
You writhe in agony.
* * * LOW HITPOINT WARNING * * *
You hit Grinder.
Grinder is almost dead.
You closely miss Grinder.
Grinder is almost dead.
Grinder gestures at you.
You struggle to resist.
Unknown command.
You completely miss Grinder.
Grinder is almost dead.
Grinder hits you but does no damage.
You barely miss Grinder.
Grinder is almost dead.
Grinder barely misses you.
You hit Grinder but do no damage.
Grinder is almost dead.
Grinder hits you!
* * * LOW HITPOINT WARNING * * *
You writhe in agony.
* * * LOW HITPOINT WARNING * * *
You hit Grinder.
Grinder is almost dead.
Grinder hits you.
* * * LOW HITPOINT WARNING * * *
You writhe in agony.
* * * LOW HITPOINT WARNING * * *
You hit Grinder but do no damage.
Grinder is almost dead.
Grinder hits you!
You die...

###..
#...(...### #
## ##....##.#
## . #.....####
.##... ..
.....##..#
.#.... ..#
##..# #..##
...... ..# ###
##..#####....#.
..#
#..............
#....#.$5.....#
#...###@...^.#
#.... #.....##
...... #≈≈≈≈≈.#
.......
#≈###≈....
...... .≈≈ ...#
.... .<≈≈ ..#
.##≈≈ ## ..
.≈≈# .. .≈


You could see Grinder.

Vanquished Creatures
  Menkaure (Ossuary)
  A black bear (D:4)
  An ogre (D:4)
  2 centaur zombies (Ossuary)
  A hound (D:4)
  2 jellies (D:4)
  2 centaur skeletons
  Terence (D:2)
  3 ogre zombies (Ossuary)
  A hound skeleton (D:5)
  6 mummies (Ossuary)
  6 adders
  3 gnolls
  A white imp (D:5)
  6 adder zombies (Ossuary)
  4 worms (D:2)
  2 dart slugs
  5 orcs (D:3)
  6 bats
  6 endoplasms
  3 giant cockroaches
  3 gnoll zombies (Ossuary)
  5 hobgoblins
  3 jackals (D:1)
  6 kobolds
  4 quokkas
  3 ball pythons
  2 frilled lizards (D:1)
  4 goblins
  7 goblin zombies (Ossuary)
  2 hobgoblin zombies (Ossuary)
  A kobold zombie (Ossuary)
  2 orc zombies (Ossuary)
  4 quokka zombies (Ossuary)
  8 rats
117 creatures vanquished.

Vanquished Creatures (others)
  2 plants (D:4)
2 creatures vanquished.

Grand Total: 119 creatures vanquished

Notes
Turn   | Place    | Note
-------+----------+-------------------------------------------
     0 | D:1      | pkoi the Demigod Gladiator began the quest for the Orb.
     0 | D:1      | Reached XP level 1. HP: 17/17 MP: 3/3
   467 | D:1      | Reached skill level 3 in Unarmed Combat
   554 | D:1      | Reached XP level 2. HP: 20/24 MP: 4/4
  1075 | D:1      | You fall into a shaft and drop 1 floor!
  1422 | D:2      | Reached XP level 3. HP: 30/30 MP: 5/5
  2166 | D:2      | Noticed Terence
  2276 | D:2      | Found a runed translucent door.
  2277 | D:2      | Noticed Crazy Yiuf
  2296 | D:2      | Found Sewkoc's Armour Shoppe.
  2459 | D:2      | Killed Terence
  2460 | D:2      | Reached skill level 4 in Unarmed Combat
  2460 | D:2      | Reached XP level 4. HP: 12/37 MP: 6/6
  3874 | D:4      | Reached skill level 1 in Armour
  3874 | D:4      | Reached XP level 5. HP: 29/45 MP: 7/7
  4154 | D:4      | Reached skill level 5 in Unarmed Combat
  4182 | D:4      | Noticed an ogre
  4492 | D:4      | Noticed a black bear
  4502 | D:4      | Killed a black bear
  4503 | D:4      | Reached XP level 6. HP: 42/51 MP: 8/8
  5447 | D:4      | Reached skill level 6 in Unarmed Combat
  5731 | D:5      | Entered Level 5 of the Dungeon
  5743 | D:5      | Found a sand-covered staircase.
  5749 | Ossuary  | Entered an ossuary
  6055 | Ossuary  | Noticed Menkaure
  6073 | Ossuary  | Killed Menkaure
  6074 | Ossuary  | Reached XP level 7. HP: 10/57 MP: 9/9
  6626 | Ossuary  | Reached skill level 7 in Unarmed Combat
  7369 | D:5      | Noticed Grinder
  7390 | D:5      | Slain by Grinder

Illustrated notes

Levels and vault maps discovered:
D:1:      amcnicky_arrival_feature_with_door, layout_loops_ring,
          shapermc_ecumenical_altar_totnotflames, kennysheep_flooded_box,
          chequers_serial_rivers_micro_a, chequers_serial_rivers_small_b,
          hangedman_abyss_or_decor_lesser_grid
D:2:      layout_basic, serial_shops, shop, mrwooster_statue_mirror,
          uniq_crazy_yiuf_cottage, uniq_terence
D:3:      layout_basic, nicolae_ru_the_path_less_chosen
D:4:      black_bear_nest_1, layout_rooms, serial_bayou_pond_d
D:5:      layout_cave_pools, serial_shops, nicolae_shop_advertising_works
          [nicolae_subvault_shop_adworks], nicolae_ossuary_entry_plus,
          minmay_crystal_water, uniq_grinder

Skill      XL: |  1  2  3  4  5  6  7 |
---------------+----------------------+-----
Fighting       | 2 3 |  3.0
Unarmed Combat | 3 4 5 6 7 |  7.2
Armour         | 1 2 3 |  3.7
Throwing       | |  1.7
Dodging        | |  2.6

Action                   |  1- 3 |  4- 6 |  7- 9 || total
-------------------------+-------+-------+-------++-------
Melee: Unarmed           |   193 |   132 |   152 ||   477
       Punch             |     6 |    14 |    11 ||    31
       Whip              |       |    72 |       ||    72
Throw: Dart              |       |    16 |       ||    16
  Use: Scroll            |     4 |     4 |    12 ||    20
       Potion            |       |     1 |     1 ||     2
Armor: Leather armour    |    13 |       |       ||    13
       Ring mail         |    61 |    66 |    35 ||   162
       Chain mail        |       |       |     6 ||     6
Dodge: Dodged            |   112 |   140 |    58 ||   310
